 Dungeon Crawl Stone Soup version 0.30-a0-719-gcc4359ea44 (webtiles) character file.

Game seed: 5517289302952932501

2961 lesbiats the Magician (level 9, -5/77 HPs)
             Began as a Purple Draconian Conjurer on Jan 27, 2023.
             Was a Follower of the Shining One.
             Shot with a sling bullet by Joseph (10 damage)
             ... on level 7 of the Dungeon.
             The game lasted 00:32:45 (9636 turns).

lesbiats the Magician (Purple Draconian Conjurer)   Turns: 9636, Time: 00:32:46

Health: -5/77      AC: 12    Str: 16    XL:     9   Next: 52%
Magic:  9/20       EV: 13    Int: 23    God:    the Shining One [*.....]
Gold:   52         SH:  6    Dex:  9    Spells: 10/23 levels left

rFire   . . .      SeeInvis .    I - +5 scimitar
rCold   . . .      Faith    .    (no shield)
rNeg    + . .      Spirit   .    (body armour unavailable)
rPois   .          Reflect  .    (helmet restricted)
rElec   .          Harm     .    j - +0 cloak
rCorr   .          Rampage  .    F - +0 pair of gloves
Will    +....                    G - +2 pair of boots
Stlth   +                        (no amulet)
HPRegen 0.32/turn                r - +6 ring of strength
MPRegen 0.17/turn                y - ring of positive energy

@: divinely shielded, short of breath, glowing
A: breathe power, AC +7, unfitting armour, cold-blooded
a: Breathe Dispelling Energy, Renounce Religion, Divine Shield


You were on level 7 of the Dungeon.
You worshipped the Shining One.
The Shining One was aware of your devotion.
You visited 2 branches of the dungeon, and saw 8 of its levels.

You collected 388 gold pieces.
You spent 336 gold pieces at shops.

Inventory:

Hand Weapons
 I - a +5 scimitar (weapon)
Missiles
 d - 5 boomerangs
 t - 13 poisoned darts
 v - a throwing net
Armour
 j - a +0 cloak (worn)
 F - a +0 pair of gloves (worn)
 G - a +2 pair of boots (worn)
Magical Staves
 x - a staff of poison
Jewellery
 r - a +6 ring of strength (left hand)
 y - a ring of positive energy (right hand)
Wands
 C - a wand of roots (10)
Scrolls
 b - a scroll of brand weapon
 c - a scroll of enchant weapon {unknown}
 h - a scroll of poison
 i - a scroll of blinking
 k - 3 scrolls of teleportation
 m - a scroll of noise {unknown}
 q - a scroll of amnesia {unknown}
 s - 2 scrolls of summoning
 u - a scroll of vulnerability {unknown}
 B - 2 scrolls of immolation
 D - a scroll of silence {unknown}
Potions
 a - a potion of magic
 e - 2 potions of brilliance {unknown}
 f - 2 potions of might
 g - a potion of flight {unknown}
 l - 2 potions of curing
 n - a potion of degeneration {unknown}
 o - 4 potions of lignification
 p - a potion of cancellation {unknown}
 w - a potion of haste {unknown}
 z - a potion of attraction {unknown}
 A - 2 potions of resistance
Miscellaneous
 E - a piece from Xom's chessboard (15/15)


   Skills:
 + Level 6.3 Fighting
 + Level 5.6 Dodging
 - Level 1.7 Stealth
 + Level 7.6 Spellcasting
 - Level 5.7 Conjurations
 + Level 5.1 Hexes
 + Level 4.8 Evocations


You had 10 spell levels left.
You knew the following spells:

 Your Spells              Type           Power      Damage    Failure   Level
a - Magic Dart            Conj           100%       1d8       1%          1
b - Searing Ray           Conj           70%        2d7       1%          2
c - Summon Guardian Gole  Hex/Summ       20%        N/A       8%          3
d - Fulminant Prism       Conj/Hex       16%        3d10      8%          4
e - Dazzling Flash        Conj/Hex       66%        N/A       2%          3

Your spell library contained the following spells:

 Spells                   Type           Power      Damage    Failure   Level
 Beastly Appendage        Tmut           16%        N/A       8%          1
 Scorch                   Fire           16%        2d6       11%         2
 Wereblood                Tmut           8%         N/A       11%         2
 Spider Form              Tmut/Pois      8%         N/A       22%         3
 Flame Wave               Conj/Fire      21%        2d8       22%         4
 Iskenderun's Mystic Bla  Conj/Tloc      21%        2d6       22%         4
 Leda's Liquefaction      Hex/Erth       10%        N/A       26%         4
 Lee's Rapid Deconstruct  Erth           4%         3d5*      90%         5
 Orb of Destruction       Conj           17%        9d7       99%         7
 Statue Form              Tmut/Erth      5%         N/A       100%        6
 Summon Cactus Giant      Summ           4%         N/A       100%        6
 Spellforged Servitor     Conj/Summ      10%        N/A       100%        7


Dungeon Overview and Level Annotations

Branches:
Dungeon (7/15)             Temple (1/1) D:5

Altars:
Ashenzari
Cheibriados
Dithmenos
Elyvilon
Fedhas
Gozag
Hepliaklqana
Kikubaaqudgha
Makhleb
Nemelex Xobeh
Okawaru
Qazlal
Ru
Sif Muna
Trog
Uskayaw
Vehumet
Wu Jian
Xom
Yredelemnul
Zin
The Shining One

Shops:
D:1 !

Annotations:
D:7 Joseph


Innate Abilities, Weirdness & Mutations

You can breathe bolts of dispelling energy.
Your rich purple scales are hard. (AC +7)
You cannot fit into any form of body armour.
You are cold-blooded and may be slowed by cold attacks.


Message History

Casting: Searing Ray (safe; 1% risk of failure)
Confirm with . or Enter, or press ? or * to list all spells.
Okay, then.
Okay, then.
Okay, then.
Okay, then.
Blink to where?
Press: ? - help, Dir - move target, p - Joseph
As you read the scroll of blinking, it crumbles to dust.
Joseph unwields a +0 quarterstaff.
Joseph wields a +3 sling of electrocution.
You hear the crackle of electricity.
Joseph shoots a sling bullet.
The sling bullet hits you! The Shining One protects you from harm!
Okay, then.
Joseph shoots a sling bullet.
The sling bullet hits you.
* * * LOW HITPOINT WARNING * * *
You feel better.
Joseph shoots a sling bullet.
You block the sling bullet.
Casting: Searing Ray (safe; 1% risk of failure)
Confirm with . or Enter, or press ? or * to list all spells.
Aiming: Magic Dart (safe; 1% risk of failure)
Press: ? - help, Shift-Dir - straight line, f - Joseph
Aim: Joseph, wielding a +3 sling of electrocution and wearing a +0 ring mail (severely wounded, 100% to hit)
The magic dart hits Joseph but does no damage.
Joseph is severely wounded.
Joseph shoots a sling bullet.
The sling bullet hits you!
* * * LOW HITPOINT WARNING * * *
You have got your breath back.
Joseph shoots a sling bullet.
The sling bullet barely misses you.
Aiming: Breathe Dispelling Energy (4% risk of failure)
Press: ? - help, Shift-Dir - straight line, f/p - Joseph
Aim: Joseph, wielding a +3 sling of electrocution and wearing a +0 ring mail (severely wounded, 59% to hit)
You breathe a bolt of dispelling energy.
The bolt of dispelling energy hits Joseph!
Joseph is almost dead.
Joseph shoots a sling bullet.
You block the sling bullet.
Joseph shoots a sling bullet.
The sling bullet hits you.
* * * LOW HITPOINT WARNING * * *
You are electrocuted!
You die...

#.# #.
######.#####.##
#.........@.@.#
#.###########.#
#.# #.# #(#
#.########
####.#
#.##.....##
.....#
#.#.......#
.###.##
#@#.......#
.##...#
#####.#.......#
....#.#
#..........#..#
..#...#
#.###.#.###.#.#
#...#.#
#.###.#.......#
#.#...#
#.##..#.###.###
#...#.#
###<##.##.# #.#
#.#...#
#.........# #.#
#...#.#
#.####.######.#


You could see Joseph.

Vanquished Creatures
  Pikel (D:6)
  A steam dragon (D:6)
  Edmund (D:6)
  A water moccasin (D:6)
  2 ice beasts (D:6)
  A sky beast (D:7)
  2 ogres
  A centaur (D:7)
  A lemure (D:6)
  A bullfrog (D:7)
  A necrophage (D:6)
  3 scorpions
  8 wights (D:7)
  3 howler monkeys (D:7)
  4 jellies
  4 orc priests (D:6)
  4 hounds
  Crazy Yiuf (D:6)
  2 iguanas (D:4)
  5 orc wizards
  3 gnolls
  8 adders
  2 shadow imps
  2 ufetubi
  3 dart slugs
  20 orcs
  10 ball pythons
  2 bats
  5 endoplasms
  6 giant cockroaches
  5 goblins
  8 hobgoblins
  5 quokkas
  3 frilled lizards
  7 kobolds
  5 rats
141 creatures vanquished.

Vanquished Creatures (others)
  3 fulminant prisms
3 creatures vanquished.

Grand Total: 144 creatures vanquished

Notes
Turn   | Place    | Note
-------+----------+-------------------------------------------
     0 | D:1      | lesbiats the Draconian Conjurer began the quest for the
                  | Orb.
     0 | D:1      | Reached XP level 1. HP: 14/14 MP: 3/3
   239 | D:1      | Reached XP level 2. HP: 22/22 MP: 0/5
   242 | D:1      | Learned a level 2 spell: Searing Ray
   512 | D:1      | Reached skill level 1 in Fighting
   512 | D:1      | Reached XP level 3. HP: 21/28 MP: 1/6
   738 | D:1      | Found Ifu Fegu's Distillery.
   773 | D:1      | Bought a potion of heal wounds for 60 gold pieces
  1592 | D:2      | Reached XP level 4. HP: 35/35 MP: 6/8
  1716 | D:2      | Reached skill level 3 in Spellcasting
  2498 | D:3      | Found a faded altar of an unknown god.
  3013 | D:1      | Bought 3 potions of lignification for 108 gold pieces
  3279 | D:4      | Reached XP level 5. HP: 41/41 MP: 5/10
  3568 | D:4      | Reached XP level 6. HP: 40/50 MP: 4/11
  3627 | D:4      | Reached skill level 4 in Spellcasting
  4253 | D:5      | Entered Level 5 of the Dungeon
  4285 | D:5      | Reached skill level 5 in Conjurations
  4396 | D:5      | Found a staircase to the Ecumenical Temple.
  4410 | Temple   | Entered the Ecumenical Temple
  4767 | Temple   | Became a worshipper of Elyvilon the Healer
  5419 | D:5      | Your scales start taking on a rich purple colour.
  5419 | D:5      | Reached skill level 5 in Spellcasting
  5419 | D:5      | Reached XP level 7. HP: 53/57 MP: 8/14
  5519 | D:5      | Learned a level 3 spell: Summon Guardian Golem
  5524 | D:5      | Learned a level 4 spell: Fulminant Prism
  5528 | D:5      | Learned a level 3 spell: Dazzling Flash
  5542 | D:5      | Found an iron altar of Okawaru.
  5676 | D:5      | Reached * piety under Elyvilon
  5957 | D:6      | Reached skill level 1 in Hexes
  6180 | D:6      | Noticed a steam dragon
  6192 | D:6      | HP: 2/59 [steam dragon] (6)]
  6195 | D:6      | Killed a steam dragon
  6196 | D:6      | Reached skill level 1 in Evocations
  6561 | D:6      | Noticed Pikel
  6755 | D:6      | Killed Pikel
  6756 | D:6      | Reached skill level 5 in Fighting
  6756 | D:6      | Reached skill level 6 in Spellcasting
  6756 | D:6      | Reached XP level 8. HP: 10/68 MP: 0/17
  7144 | D:6      | Found a runed translucent door.
  7145 | D:6      | Noticed Crazy Yiuf
  7730 | D:6      | Reached skill level 5 in Dodging
  7740 | D:6      | Noticed Edmund
  7758 | D:6      | Killed Edmund
  7759 | D:6      | Reached skill level 7 in Spellcasting
  7759 | D:6      | Reached XP level 9. HP: 28/74 MP: 1/19
  8001 | D:6      | Found a glowing golden altar of the Shining One.
  8005 | D:6      | Fell from the grace of Elyvilon
  8005 | D:6      | Became a worshipper of the Shining One
  8179 | D:6      | Killed Crazy Yiuf
  8348 | D:1      | Bought a potion of resistance for 120 gold pieces
  8348 | D:1      | Bought a potion of might for 48 gold pieces
  9042 | D:7      | Reached * piety under the Shining One
  9160 | D:7      | Found a stormy altar of Qazlal.
  9211 | D:7      | Reached skill level 5 in Hexes
  9611 | D:7      | Noticed Joseph
  9628 | D:7      | The Shining One protects you from harm!
  9631 | D:7      | HP: 3/77 [Joseph/sling bullet (3)]
  9636 | D:7      | Shot with a sling bullet by Joseph

Illustrated notes

Levels and vault maps discovered:
D:1:      lightli_arrival_chessboard, layout_loops_ring, serial_shops,
          nicolae_shop_stone
D:2:      layout_loops_ring, minmay_fractal_squares_gapless_5
D:3:      layout_basic, ebering_ecumenical_altar_sacrificial,
          grunt_decor_arrowhead, st_stairs_8
D:4:      minmay_door_path, layout_cave_pods
D:5:      layout_loops_corners, lemuel_tele_altar,
          minmay_temple_entry_purple_smoke
D:6:      layout_basic, kennysheep_mini, hangedman_decor_lopped,
          hellmonk_bongcloud_opening, minmay_strange_pillars, uniq_pikel,
          uniq_crazy_yiuf_cottage, uniq_edmund
D:7:      layout_loops_cross, mainiacjoe_overflow_concentric_impassable,
          minmay_misc_feat_pillars, minivault_25, uniq_joseph
Temple:   compressed_dpeg_triangle_lava_temple

Skill      XL: |  1  2  3  4  5  6  7  8  9 |
---------------+----------------------------+-----
Dodging        | 2 3 4 5 |  5.6
Fighting       | 1 2 3 5 6 |  6.3
Spellcasting   | 3 5 6 7 |  7.6
Conjurations   | 5 |  5.7
Hexes          | 3 4 5 |  5.1
Evocations     | 2 3 4 |  4.8
Stealth        | |  1.7

Action                     |  1- 3 |  4- 6 |  7- 9 || total
---------------------------+-------+-------+-------++-------
  Melee: Club              |    10 |    19 |     5 ||    34
         Tailslap          |     2 |     1 |     9 ||    12
         Whip              |       |       |    16 ||    16
         Flail             |       |       |    18 ||    18
         Scimitar          |       |       |    14 ||    14
   Cast: Magic Dart        |    64 |   111 |    89 ||   264
         Searing Ray       |     1 |     7 |    22 ||    30
         Dazzling Flash    |       |       |     6 ||     6
         Summon Guardian G |       |       |     2 ||     2
         Fulminant Prism   |       |       |     3 ||     3
 Invoke: Divine Shield     |       |       |     1 ||     1
Ability: Breathe Dispellin |       |       |    10 ||    10
    Use: Scroll            |       |     5 |     4 ||     9
         Potion            |       |       |     3 ||     3
 Armour: Skin              |     6 |    18 |    49 ||    73
  Dodge: Dodged            |     5 |    34 |   103 ||   142
  Block: Other             |       |       |     6 ||     6

Table legend: (Time is in decaauts)
 A = Elapsed time spent in this place.
 B = Non-inter-level travel time spent in this place.
 C = Inter-level travel time spent in this place.
 D = Time resting spent in this place.
 E = Time spent auto-exploring this place.
 F = Levels seen in this place.
 G = Mean time per level.
                   A        B        C        D        E       F      G
               +--------+--------+--------+--------+--------+-----+--------+
         Total |   9675 |   8937 |    738 |   2485 |   5396 |   8 | 1209.4 |
       Dungeon |   9310 |   8608 |    702 |   2485 |   5081 |   7 | 1330.0 |
        Temple |    364 |    328 |     36 |      0 |    315 |   1 |  364.0 |
               +--------+--------+--------+--------+--------+-----+--------+

Top non-repeatable levels by time:
     D:5: 2012 daAuts
     D:6: 1813 daAuts
     D:2: 1175 daAuts
     D:4: 1172 daAuts
     D:7: 1093 daAuts
     D:3: 1051 daAuts
     D:1: 991 daAuts
  Temple: 364 daAuts
